 Dungeon Crawl Stone Soup version 0.29-a0-998-g1987434951 (webtiles) character file.

Game seed: 16477932770126095911

22 nicolae the Changer (level 2, -1/18 HPs)
             Began as an Octopode Transmuter on Aug 6, 2022.
             Succumbed to an adder's poison
             ... on level 2 of the Dungeon.
             The game lasted 00:01:17 (918 turns).

nicolae the Changer (Octopode Transmuter)            Turns: 918, Time: 00:01:17

Health: -1/18      AC:  1    Str:  9    XL:     2   Next: 91%
Magic:  5/5        EV: 13    Int: 15    God:
Gold:   74         SH:  0    Dex: 12    Spells: 2/5 levels left

rFire   . . .      SeeInvis .     - Unarmed
rCold   . . .      Faith    .   (no shield)
rNeg    . . .      Spirit   .   (helmet currently unavailable)
rPois   .          Reflect  .   (no amulet)
rElec   .          Harm     .   (no ring)
rCorr   .          Rampage  .   (no ring)
Will    .....                   (no ring)
Stlth   ++........              (no ring)
HPRegen 0.06/turn               (no ring)
MPRegen 0.09/turn               (no ring)
                                (no ring)
                                (no ring)

@: lethally poisoned (-1 -> -8), appendages (expiring)
A: tentacle spike 3, almost no armour, amphibious, 8 rings, camouflage 1,
gelatinous body 1, (nimble swimmer 1), tentacles
a: End Transformation


You were on level 2 of the Dungeon.
One of your tentacles had grown a beastly spike.
You visited 1 branch of the dungeon, and saw 2 of its levels.

You collected 74 gold pieces.

Inventory:

Scrolls
 b - a scroll of teleportation {unknown}
 e - a scroll of enchant weapon {unknown}
 f - a scroll of fear
 g - 2 scrolls of identify {unknown}
Potions
 a - a potion of lignification
 d - a potion of heal wounds {unknown}


   Skills:
 - Level 1.0 Fighting
 - Level 2.0 Dodging
 - Level 3.0 Unarmed Combat
 - Level 2.0 Spellcasting
 + Level 3.3 Transmutations


You had 2 spell levels left.
You knew the following spells:

 Your Spells              Type           Power      Damage    Failure   Level
a - Beastly Appendage     Tmut           22%        N/A       5%          1
b - Wereblood             Tmut           11%        N/A       9%          2

Your spell library contained the following spells:

 Spells                   Type           Power      Damage    Failure   Level
 Spider Form              Tmut/Pois      6%         N/A       32%         3
 Ice Form                 Ice/Tmut       6%         N/A       73%         4


Dungeon Overview and Level Annotations

Branches:
Dungeon (2/15)

Altars:


Innate Abilities, Weirdness & Mutations

One of your tentacles has grown a beastly spike.
You cannot wear most types of armour.
You are amphibious.
You can wear up to eight rings at the same time.
Your skin changes colour to match your surroundings (Stealth+).
Your rubbery body absorbs attacks. (AC +1, EV +1)
((You are camouflaged when in or above water. (Stealth+)))
You have tentacles for arms and can constrict up to eight enemies at once.


Message History

You tentacle-slap the adder. Your grab misses the adder.
Your tentacle spike misses the adder.
The adder is almost dead.
An adder comes into view.
The jackal bites the plant.
The adder bites you.
You are poisoned.
The adder poisons you!
You closely miss the adder. Your grab misses the adder.
The adder is almost dead.
You feel sick.
The jackal bites the plant. x2; The adder bites you.
You are more poisoned.
The adder poisons you!
The jackal bites the plant. x2
It was a potion of curing.
You feel better.
A nearby plant withers and dies. x2
A quokka comes into view.
The adder bites you.
You are poisoned.
The adder poisons you! The adder closely misses you.
The adder attacks as you move away! The adder misses you.
You feel sick. The jackal bites you. The adder misses you.
The adder attacks as you move away! The adder bites you.
The jackal attacks as you move away! The jackal barely misses you.
You feel sick.
The adder bites the plant.
The plant begins to die.
Something bites the bush but does no damage.
The jackal bites you.
As you read the scroll labelled LUSULY XESKI, it crumbles to dust.
You assume a fearsome visage.
The adder looks frightened! x2
The quokka looks frightened!
The jackal looks frightened! x4
The endoplasm looks frightened!
It was a scroll of fear.
Your transformation is almost over.
You feel sick.
Cornered, the adder turns to fight!
Something bites the bush but does no damage.
You feel sick. The adder attacks as you move away!
The adder closely misses you.
You feel sick.
You are no longer poisoned.
The adder attacks as you move away! The adder bites you.
* * * LOW HITPOINT WARNING * * *
You are lethally poisoned!
The adder poisons you!
You die...

##.......##
##.....## ##...##
##'## #.# #.#
##.## ##...## .
#..@..# #.#.
..####r..###....#
#......S.........


#.PP.PP.PPP.P.PPP #..♣♣♣P..♣♣♣...♣♣ .. ♣...♣ ..♣ # ♣...♣ .♣ ....... .P
.....h..... . You could see an adder and a rat.

Vanquished Creatures
  A worm (D:2)
  3 endoplasms (D:1)
  3 giant cockroaches (D:1)
  3 ball pythons
  2 frilled lizards (D:1)
  3 goblins (D:1)
  2 kobolds (D:1)
  A rat (D:1)
18 creatures vanquished.

Vanquished Creatures (others)
  11 plants (D:2)
11 creatures vanquished.

Grand Total: 29 creatures vanquished

Notes
Turn   | Place    | Note
-------+----------+-------------------------------------------
     0 | D:1      | nicolae the Octopode Transmuter began the quest for the
                  | Orb.
     0 | D:1      | Reached XP level 1. HP: 13/13 MP: 3/3
    50 | D:1      | Found a faded altar of an unknown god.
   119 | D:1      | Reached XP level 2. HP: 17/18 MP: 5/5
   122 | D:1      | Learned a level 2 spell: Wereblood
   918 | D:2      | Succumbed to an adder's poison

Illustrated notes

Levels and vault maps discovered:
D:1:      elethiomel_arrival_infinity_welcomes_careful_drivers, layout_basic,
          ebering_ecumenical_altar_hall
D:2:      layout_loops_corners, kennysheep_boxes

Skill      XL: |  1  2 |
---------------+-------+-----
Transmutations | 3 |  3.3
Fighting       | |  1.0
Dodging        | |  2.0
Unarmed Combat | |  3.0
Spellcasting   | |  2.0

Action                   || total
-------------------------++-------
Melee: Unarmed           ||    36
       Tentacles         ||    10
       Constrict         ||    12
       Kick              ||     7
 Cast: Beastly Appendage ||    14
  Use: Scroll            ||     1
       Potion            ||     1
 Stab: Sleeping          ||     3
Dodge: Dodged            ||    24

Table legend: (Time is in decaauts)
 A = Elapsed time spent in this place.
 B = Non-inter-level travel time spent in this place.
 C = Inter-level travel time spent in this place.
 D = Time resting spent in this place.
 E = Time spent auto-exploring this place.
 F = Levels seen in this place.
 G = Mean time per level.
                   A        B        C        D        E       F      G
               +--------+--------+--------+--------+--------+-----+--------+
         Total |    915 |    885 |     30 |      0 |    737 |   2 |  457.5 |
       Dungeon |    915 |    885 |     30 |      0 |    737 |   2 |  457.5 |
               +--------+--------+--------+--------+--------+-----+--------+

Top non-repeatable levels by time:
     D:1: 851 daAuts
     D:2: 64 daAuts
